 Dungeon Crawl Stone Soup version 0.14.0-21-gd531db5 (webtiles) character file.

1649 keeper the Conjurer (level 8, -3/46 HPs)
             Began as a Deep Elf Conjurer on Apr 22, 2014.
             Slain by an orc warrior
             ... wielding a +0,+0 mace
              (11 damage)
             ... on Level 6 of the Dungeon.
             The game lasted 00:14:00 (5530 turns).

keeper the Conjurer (Deep Elf Conjurer)             Turns: 5530, Time: 00:14:00

HP  -3/46        AC  3     Str  5      XL: 8   Next: 36%
MP  15/27        EV 13     Int 23      God:
Gold 297         SH  0     Dex 15      Spells:  5 memorised,  8 levels left

rFire  . . .     SeeInvis .     y - +0 whip (elec)
rCold  . . .     Clarity  .     t - +1 robe {MR+}
rNeg   . . .     Conserve .     (no shield)
rPois  .         rCorr    .     (no helmet)
rElec  .         rRot     .     (no cloak)
SustAb . .       Spirit   .     (no gloves)
rMut   .         Warding  .     (no boots)
Saprov . . .     Stasis   .     (no amulet)
MR     +....                    (no ring)
                                h - cursed ring of teleport control

@: somewhat resistant to hostile enchantments, quite stealthy
A: no striking features
a: Evoke Teleport Control


You were on level 6 of the Dungeon.
You were hungry.

You visited 1 branch of the dungeon, and saw 6 of its levels.

You collected 297 gold pieces.


   Skills:
 + Level 3.0 Fighting
 - Level 2.4 Dodging
 + Level 5.3 Stealth
 - Level 8.3 Spellcasting
 + Level 10.1 Conjurations
 - Level 2.2 Charms
   Level 6.4 Fire Magic


You had 8 spell levels left.
You knew the following spells:

 Your Spells              Type           Power        Failure   Level  Hunger
c - Iskenderun's Mystic   Conj           ######..     1%          4    ##.....
f - Flight                Chrm/Air       ##........   14%         3    None
x - Searing Ray           Conj           ######       1%          2    None
z - Magic Dart            Conj           ####         1%          1    None
Z - Iskenderun's Battles  Conj/Chrm      #####...     17%         5    ####...

Inventory:

Hand weapons
 y - a +0,+0 whip of electrocution (weapon)
Armour
 t - a +1 robe of magic resistance (worn)
Magical devices
 p - a wand of magic darts (10)
 z - a wand of flame (17)
Comestibles
 b - 4 bread rations
 d - an apple
 g - a pear
 j - a lychee
 q - 2 chokos
Scrolls
 f - a scroll of immolation {!r}
 l - 3 scrolls of identify
 n - 5 scrolls of remove curse
 u - 2 scrolls of amnesia
 x - a scroll of teleportation
Jewellery
 a - an uncursed ring of ice
 h - a cursed ring of teleport control (left hand)
Potions
 e - 5 potions of restore abilities
 k - 2 potions of curing
 r - a potion of haste
 v - a potion of might
Books
 c - a book of Conjurations

   Spells                             Type                      Level
   *Magic Dart                        Conjuration                  1
   *Searing Ray                       Conjuration                  2
   Dazzling Spray                     Conjuration/Hexes            3
   Fulminant Prism                    Conjuration/Hexes            4
   *Iskenderun's Mystic Blast         Conjuration                  4
   *Iskenderun's Battlesphere         Conjuration/Charms           5
 i - a book of Dreams

   Spells                             Type                      Level
   Ensorcelled Hibernation            Hexes/Ice                    2
   *Flight                            Charms/Air                   3
   Phase Shift                        Translocation                5
   Shadow Creatures                   Summoning                    5
   Mass Confusion                     Hexes                        6
   Darkness                           Hexes                        7

Dungeon Overview and Level Annotations

Branches:
Dungeon (6/15)
 Temple: D:4-7

Altars:
Ashenzari
Nemelex Xobeh
Xom

Shops:
D:4 [ D:5

* ▒<·▒▒▒·▒▒▒▒▒·▒
·············▒ ▒····▒>(··(··▒
· · ·····▒·······▒··· ···
··)··)·······▒····▒▒▒▒▒▒▒····
·····▒·······▒····o··········
····▒▒·▒▒▒▒▒·▒·····o·········▒
▒ ····▒▒·▒
▒·▒▒▒▒▒▒▒▒'▒▒▒▒▒▒▒▒▒▒▒
····▒▒·▒
▒····eo)··············
▒▒▒▒▒▒·▒
▒▒▒▒▒▒▒▒▒▒▒▒▒▒▒▒▒▒▒▒▒▒ ▒·▒ ▒
▒)▒ ▒ ▒·▒ ▒ ▒▒▒·▒ ▒▒▒▒▒ ▒
▒···▒ ▒···▒▒▒▒▒▒▒▒▒▒ ▒···▒
▒▒▒▒▒▒············▒ ▒···▒
▒·········▒ ▒▒▒ ▒··


You could see an orc warrior.


Message History

Your Fighting skill increases to level 3!
The searing ray misses the orc warrior.
Aiming: Searing Ray
Aim: an orc warrior, wielding a mace and wearing a chain mail The searing ray hits the orc warrior.
The orc warrior misses you.
The searing ray misses the orc warrior.
The searing ray hits the orc.
The orc is lightly wounded.
The orc warrior closely misses you.
The searing ray hits the orc warrior.
The orc warrior is heavily wounded.
You hear a distant slurping noise.
The orc warrior misses you.
The searing ray hits the orc warrior.
The orc warrior is severely wounded.
The searing ray hits the orc.
You kill the orc!
The orc warrior hits you with a mace.
* * * LOW HITPOINT WARNING * * *
Aiming: Searing Ray
Aim: an orc warrior, wielding a mace and wearing a chain mail (severely wounded)
The searing ray misses the orc warrior.
The searing ray hits the orc.
You kill the orc!
The orc warrior hits you with a mace!
* * * LOW HITPOINT WARNING * * *
The searing ray hits the orc warrior.
The orc warrior is severely wounded.
The searing ray hits the orc warrior.
The orc warrior is almost dead.
The orc warrior hits you with a mace!
You die...

Action                   |  1- 3 |  4- 6 |  7- 9 || total
-------------------------+-------+-------+-------++-------
Melee: Unarmed           |     2 |       |       ||     2
       Whip              |       |    40 |     4 ||    44
 Cast: Magic Dart        |    87 |    98 |    51 ||   236
       Searing Ray       |     1 |    10 |     9 ||    20
       Iskenderun's Batt |       |     7 |     7 ||    14
Evoke: Wand              |       |     1 |       ||     1
  Use: Scroll            |     3 |     6 |       ||     9
       Potion            |     3 |     3 |     2 ||     8
 Stab: Sleeping          |       |     1 |       ||     1

Vault maps used:
D:1:      tarquinn_simple_flora_water_f, minmay_fountain_box,
          minmay_close_crescents
D:3:      ashenzari_altar_1, minmay_crystal_room
D:4:      kennysheep_mini_moat, serial_shops, shop_fountains, first_bread
D:5:      nicolae_overflow_hidden_temple, serial_shops, shop
D:6:      lemuel_insect_pit, lemuel_crystal_altar, lemuel_doored_altar,
          grunt_temple_overflow_open, uniq_pikel, uniq_grinder

Notes
Turn   | Place    | Note
--------------------------------------------------------------
     0 | D:1      | keeper, the Deep Elf Conjurer, began the quest for the Orb.
     0 | D:1      | Reached XP level 1. HP: 10/10 MP: 5/5
   289 | D:1      | Reached skill level 5 in Conjurations
   289 | D:1      | Reached XP level 2. HP: 15/15 MP: 0/8
   375 | D:1      | Learned a level 2 spell: Searing Ray
   618 | D:1      | Reached XP level 3. HP: 19/19 MP: 8/10
  1547 | D:2      | Reached skill level 6 in Conjurations
  1671 | D:2      | Reached skill level 8 in Spellcasting
  1671 | D:2      | Reached skill level 8 in Conjurations
  1671 | D:2      | Reached skill level 6 in Fire Magic
  1671 | D:2      | Reached XP level 4. HP: 24/24 MP: 10/21
  1677 | D:2      | Learned a level 4 spell: Iskenderun's Mystic Blast
  1682 | D:2      | Reached skill level 9 in Conjurations
  1682 | D:2      | Reached XP level 5. HP: 28/28 MP: 9/22
  1761 | D:2      | Learned a level 5 spell: Iskenderun's Battlesphere
  2168 | D:2      | Reached skill level 1 in Charms
  2350 | D:2      | Learned a level 3 spell: Flight
  2456 | D:3      | Found a shattered altar of Ashenzari.
  2470 | D:3      | Reached skill level 2 in Charms
  2470 | D:3      | Reached XP level 6. HP: 13/32 MP: 9/24
  2890 | D:3      | Paralysed by a potion of paralysis for 7 turns
  3206 | D:4      | Noticed merphle's ghost (average GrEE)
  3213 | D:4      | Killed merphle's ghost
  3213 | D:4      | Reached skill level 1 in Fighting
  3213 | D:4      | Reached skill level 3 in Stealth
  3444 | D:4      | Found Xemmik's Armour Shoppe.
  3968 | D:4      | Found a shimmering altar of Xom.
  4012 | D:5      | Entered Level 5 of the Dungeon
  4118 | D:5      | Reached XP level 7. HP: 38/38 MP: 24/26
  4884 | D:5      | Noticed a necrophage
  4891 | D:5      | Killed a necrophage
  4891 | D:5      | Reached skill level 4 in Stealth
  4952 | D:5      | Reached skill level 2 in Fighting
  4999 | D:5      | Found Thrucr Tiupil's General Store.
  5220 | D:6      | Found a sparkling altar of Nemelex Xobeh.
  5278 | D:6      | Noticed Pikel
  5288 | D:6      | Killed Pikel
  5288 | D:6      | Reached skill level 5 in Stealth
  5288 | D:6      | Reached skill level 10 in Conjurations
  5288 | D:6      | Reached XP level 8. HP: 22/45 MP: 12/27
  5522 | D:6      | Reached skill level 3 in Fighting
  5530 | D:6      | Slain by an orc warrior

Vanquished Creatures
  Pikel (D:6)
  The ghost of merphle the Digger, an average GrEE (D:4)
  A necrophage (D:5)
  An ogre (D:5)
  A slave (D:6)
  2 crimson imps (D:5)
  2 orc priests
  A hound (D:6)
  A jelly (D:5)
  A giant frog skeleton (D:5)
  A worker ant (D:4)
  7 gnolls
  6 adders
  2 giant mites
  3 worms (D:2)
  An orc skeleton (D:6)
  6 giant geckos
  2 oozes
  11 orcs
  A bat zombie (D:5)
  5 giant cockroaches
  14 goblins
  9 hobgoblins
  21 jackals
  2 quokkas
  A ball python (D:2)
  13 bats
  3 giant newts
  A giant spore (D:4)
  A jackal skeleton (D:5)
  9 kobolds
  A quokka skeleton (D:4)
  4 rats
  3 ballistomycetes (D:4)
139 creatures vanquished.

Vanquished Creatures (others)
  A slave (D:6)
  A bat (D:6)
  A giant cockroach (D:6)
3 creatures vanquished.

Grand Total: 142 creatures vanquished
